 Dungeon Crawl Stone Soup version 0.17.0 (webtiles) character file.

67 HungrySpirit the Cudgeler (level 4, -3/24 HPs)
             Began as a Gargoyle Wanderer on Nov 6, 2015.
             Killed from afar by Ijyb (11 damage)
             ... with a wand of frost
             ... on level 2 of the Dungeon.
             The game lasted 00:03:07 (2153 turns).

HungrySpirit the Cudgeler (Gargoyle Wanderer)       Turns: 2153, Time: 00:03:07

Health: -3/24      AC:  5    Str: 17    XL:     4   Next: 18%
Magic:  5/5        EV: 11    Int: 15    God:
Gold:   74         SH:  0    Dex:  6    Spells: 0 memorised, 5 levels left

rFire  . . .     SeeInvis .     j - +0 whip
rCold  . . .     Clarity  .     d - +0 robe
rNeg   + . .     SustAt   .     (no shield)
rPois  ∞         Gourm    .     (no helmet)
rElec  +         Spirit   .     (no cloak)
rCorr  .         Warding  .     (no gloves)
rMut   .         Stasis   .     (no boots)
MR     .....                    (no amulet)
Stlth  +.........               (no ring)
                                (no ring)

@: very slightly contaminated, hasted, very quick, not resistant to hostile
enchantments, very unstealthy
A: negative energy resistance 1, electricity resistance, unbreathing,
petrification resistance, rot immunity, AC +3
a: no special abilities


You were on level 2 of the Dungeon.
You were not hungry.

You visited 1 branch of the dungeon, and saw 2 of its levels.

You collected 74 gold pieces.

Inventory:

Hand Weapons
 j - a +0 whip (weapon)
Armour
 d - a +0 robe (worn)
Scrolls
 i - 2 scrolls of identify {unknown}
 k - a scroll of magic mapping {unknown}
Potions
 e - a potion of cancellation {unknown}
 g - a potion of invisibility {unknown}
 m - a potion of curing {unknown}
Books
 a - a book of Maledictions

   Spells                             Type                      Level
   a - Corona                         Hexes                        1
   b - Ensorcelled Hibernation        Hexes/Ice                    2
   c - Confuse                        Hexes                        3
   d - Tukima's Dance                 Hexes                        3
   e - Dazzling Spray                 Conjuration/Hexes            3
 b - the Almanac of Evil Secrets

   Spells                             Type                      Level
   a - Animate Skeleton               Necromancy                   1
   b - Vampiric Draining              Necromancy                   3
 c - the Guide on Poison

   Spells                             Type                      Level
   a - Sting                          Conjuration/Poison           1
   b - Spider Form                    Transmutation/Poison         3
Comestibles
 f - a bread ration
 l - a slice of pizza
 n - 2 chunks of flesh


   Skills:
 * Level 3.6 Maces & Flails
 - Level 1.0 Throwing
 - Level 1.1 Stealth
 - Level 1.0 Spellcasting
   Level 1.7 Hexes
   Level 3.0 Ice Magic
   Level 2.0 Poison Magic


You had 5 spell levels left.
You didn't know any spells.

Dungeon Overview and Level Annotations

Branches:
Dungeon (2/15)

Altars:

Annotations:
D:2 Ijyb


Innate Abilities, Weirdness & Mutations

You are resistant to torment.
Your stone body is resilient (AC +3).
You are immune to poison.
You resist negative energy.
You are resistant to electric shocks.
You can survive without breathing.
You are immune to petrification.
You are immune to rotting.


Message History

Drink which item? (? for menu, Esc to quit)
It was a potion of haste.
You feel yourself speed up. Ijyb barely misses you.
You are very lightly contaminated with residual magic.
You closely miss Ijyb.
Ijyb is heavily wounded.
Ijyb zaps a wand.
The puff of frost misses you.
You closely miss Ijyb.
Ijyb is heavily wounded.
You hit Ijyb.
Ijyb is severely wounded.
Ijyb zaps a wand.
The puff of frost misses you.
You hit Ijyb.
Ijyb is severely wounded.
Ijyb hits you but does no damage.
You completely miss Ijyb.
Ijyb is severely wounded.
You barely miss Ijyb.
Ijyb is severely wounded.
Ijyb zaps a wand.
The puff of frost hits you!
You die...

#≈## #≈≈≈###.###.#
##≈≈####≈≈##.≈≈#≈≈≈#≈≈≈
#≈≈≈#≈≈#≈≈≈##.≈≈≈≈≈.≈≈≈
#.≈≈#≈≈#≈≈≈≈#.P≈≈≈≈≈≈≈≈
#P.≈#≈≈#≈≈≈≈## ≈≈≈P.≈
#...≈≈≈≈≈≈≈≈≈#
#P.....≈≈≈.P.#
##.P...P≈.P..≈
##.P.@P......
##P..gP.##P. ########


You could see Ijyb.

Vanquished Creatures
  3 adders
  3 giant cockroaches
  8 goblins
  3 hobgoblins (D:1)
  3 jackals (D:1)
  5 kobolds
  A ball python (D:2)
  6 bats (D:1)
  2 giant newts (D:2)
  6 rats
40 creatures vanquished.

Notes
Turn   | Place    | Note
--------------------------------------------------------------
     0 | D:1      | HungrySpirit the Gargoyle Wanderer began the quest for the Orb.
     0 | D:1      | HungrySpirit set off with: a book of Maledictions, the Almanac of Evil Secrets, the Guide on Poison, a +0 robe, a +0 club, a bread ration
     0 | D:1      | Reached XP level 1. HP: 10/10 MP: 2/2
   128 | D:1      | Reached skill level 1 in Maces & Flails
   215 | D:1      | Reached XP level 2. HP: 13/15 MP: 3/3
   781 | D:1      | Reached XP level 3. HP: 19/19 MP: 4/4
   785 | D:1      | Identified the Almanac of Evil Secrets
   785 | D:1      | Identified the Guide on Poison
  1720 | D:2      | Reached XP level 4. HP: 7/24 MP: 5/5
  2134 | D:2      | Noticed Ijyb
  2153 | D:2      | Killed from afar by Ijyb

Action                   |  1- 3 |  4- 6 || total
-------------------------+-------+-------++-------
Melee: Club              |   138 |       ||   138
       Whip              |    67 |    41 ||   108
  Use: Potion            |     1 |     1 ||     2
 Stab: Sleeping          |     1 |       ||     1
  Eat: Chunk             |     1 |     3 ||     4
